 Seeded DCSS version 0.30-a0-591-g3c58d2bc28 (webtiles) character file.

Game seed: 13662384745932578237 (custom seed)

40 purpskrrrp the Shooter (level 3, -3/19 (21) HPs)
             Began as a Kobold Hunter on Jan 6, 2023.
             Slain by Sigmund
             ... wielding a +0 scythe
              (11 damage)
             ... on level 2 of the Dungeon.
             The game lasted 00:01:39 (1312 turns).

purpskrrrp the Shooter (Kobold Hunter)              Turns: 1312, Time: 00:01:39

HP:   -3/19 (21)    AC:  4    Str:  8    XL:     3   Next: 72%
MP:   3/3           EV: 14    Int: 10    God:
Gold: 42            SH:  0    Dex: 20    Spells: 2/2 levels left

rFire   . . .      SeeInvis .    k - +0 sling
rCold   . . .      Faith    .    (no shield)
rNeg    . . .      Spirit   .    c - +0 leather armour
rPois   .          Reflect  .    i - +0 helmet
rElec   .          Harm     .    (no cloak)
rCorr   .          Rampage  .    (no gloves)
Will    .....                    (no boots)
Stlth   ++++                     (no amulet)
HPRegen 0.23/turn                (no ring)
MPRegen 0.08/turn                (no ring)

@: drained
A: small, no large weapons, nightstalker 3
a: no special abilities


You were on level 2 of the Dungeon.
You visited 1 branch of the dungeon, and saw 2 of its levels.

You collected 42 gold pieces.

Inventory:

Hand Weapons
 a - a +0 shortbow
 k - a +0 sling (weapon)
Missiles
 d - a throwing net
Armour
 c - a +0 leather armour (worn)
 i - a +0 helmet (worn)
Scrolls
 b - a scroll of immolation
 g - 3 scrolls of identify {unknown}
 h - 2 scrolls of teleportation {unknown}
 l - a scroll of magic mapping {unknown}
Potions
 e - a potion of resistance {unknown}
 f - a potion of haste {unknown}
 j - a potion of heal wounds {unknown}


   Skills:
 - Level 2.1 Fighting
 + Level 6.1 Ranged Weapons
 - Level 2.4 Dodging
 + Level 3.4 Stealth


You had 2 spell levels left.
You didn't know any spells.
Your spell library contained the following spells:

 Spells                   Type           Power      Damage    Failure   Level
 Summon Small Mammal      Summ           0%         N/A       50%         1
 Call Canine Familiar     Summ           0%         N/A       86%         3
 Summon Guardian Golem    Hex/Summ       0%         N/A       86%         3


Dungeon Overview and Level Annotations

Branches:
Dungeon (2/15)

Altars:

Shops:
D:1 :*

Annotations:
D:2 Sigmund


Innate Abilities, Weirdness & Mutations

You are small and have problems with some larger weapons.
You are completely attuned to the shadows.


Message History

The kobold misses you. Something hits you!
The kobold hits you with a +2 dagger of draining.
You feel drained.
You are too injured to fight recklessly!
You are too injured to fight recklessly!
You are too injured to fight recklessly!
You are too injured to fight recklessly!
You are too injured to fight recklessly!
You are too injured to fight recklessly!
You are too injured to fight recklessly!
You are too injured to fight recklessly!
You are too injured to fight recklessly!
You are too injured to fight recklessly!
You are too injured to fight recklessly!
You are too injured to fight recklessly!
You are too injured to fight recklessly!
You are too injured to fight recklessly!
You are too injured to fight recklessly!
You are too injured to fight recklessly!
You are too injured to fight recklessly!
You are too injured to fight recklessly!
You are too injured to fight recklessly!
You are too injured to fight recklessly!
You are too injured to fight recklessly!
You are too injured to fight recklessly!
You are too injured to fight recklessly!
Fire: k) +0 sling
Press: ? - help, Shift-Dir - straight line, f/p - kobold
Aim: a kobold, wielding a +2 dagger of draining (severely wounded, 58% to hit)
You shoot a sling bullet.
The sling bullet hits the kobold but does no damage.
The kobold is severely wounded.
The kobold hits you but does no damage.
You feel drained.
Fire: k) +0 sling
Press: ? - help, Shift-Dir - straight line, p - kobold You shoot a sling bullet.
The sling bullet hits the ball python.
The ball python is moderately wounded.
Something hits you!
Ouch! That really hurt!
You die...

#.# ######
#.# ......
#.#.#
######
#.#.##
#....###
........#
..#.....#
..##....##
#.@...#
#.#
....SK...
#.#
.##.{...#
#.#
##.....
####.#
##.##.
......
####.# #.#
##.# ##...


You could see a ball python and a kobold.

Vanquished Creatures
  An adder (D:2)
  4 ball pythons
  4 endoplasms
  A giant cockroach (D:1)
  2 goblins (D:1)
  2 hobgoblins (D:1)
  2 jackals (D:2)
  4 kobolds (D:1)
  A quokka (D:1)
  3 bats (D:1)
  2 frilled lizards (D:1)
  4 rats (D:1)
30 creatures vanquished.

Notes
Turn   | Place    | Note
-------+----------+-------------------------------------------
     0 | D:1      | purpskrrrp the Kobold Hunter began the quest for the Orb.
     0 | D:1      | Reached XP level 1. HP: 12/12 MP: 1/1
   135 | D:1      | Reached XP level 2. HP: 13/17 MP: 2/2
   749 | D:1      | Reached XP level 3. HP: 21/21 MP: 3/3
   768 | D:1      | Found Hunin's Book Boutique.
   826 | D:1      | Found Muaginir's Assorted Antiques.
  1152 | D:2      | Reached skill level 6 in Ranged Weapons
  1304 | D:2      | Noticed Sigmund
  1312 | D:2      | Slain by Sigmund

Illustrated notes

Levels and vault maps discovered:
D:1:      dpeg_arrival_tiny_k, layout_loops_corners, serial_shops, shop,
          shop_fountains, serial_bayou_pond_c
D:2:      layout_loops_ring, grunt_ministairs_14, uniq_sigmund

Skill      XL: |  1  2  3 |
---------------+----------+-----
Stealth        | 2 3 |  3.4
Ranged Weapons | 6 |  6.1
Fighting       | |  2.1
Dodging        | |  2.4

Action                   || total
-------------------------++-------
 Fire: Shortbow          ||    49
       Sling             ||    24
Armor: Leather armour    ||    14
Dodge: Dodged            ||    28

Table legend: (Time is in decaauts)
 A = Elapsed time spent in this place.
 B = Non-inter-level travel time spent in this place.
 C = Inter-level travel time spent in this place.
 D = Time resting spent in this place.
 E = Time spent auto-exploring this place.
 F = Levels seen in this place.
 G = Mean time per level.
                   A        B        C        D        E       F      G
               +--------+--------+--------+--------+--------+-----+--------+
         Total |   1330 |   1221 |    109 |      0 |   1076 |   2 |  665.0 |
       Dungeon |   1330 |   1221 |    109 |      0 |   1076 |   2 |  665.0 |
               +--------+--------+--------+--------+--------+-----+--------+

Top non-repeatable levels by time:
     D:1: 1113 daAuts
     D:2: 216 daAuts
